 Dungeon Crawl Stone Soup version 0.28-a0-1594-ga885d4b3d6 (webtiles) character file.

Game seed: 11687181107749344382

126 a3don the Chucker (level 5, -3/54 HPs)
             Began as an Ogre Hunter on Jan 21, 2022.
             Slain by a gnoll (4 damage)
             ... on level 3 of the Dungeon.
             The game lasted 00:02:19 (3182 turns).

a3don the Chucker (Ogre Hunter)                     Turns: 3182, Time: 00:02:19

Health: -3/54      AC:  3    Str: 16    XL:     5   Next: 9%
Magic:  5/5        EV: 10    Int: 14    God:
Gold:   82         SH:  0    Dex:  9    Spells: 4/4 levels left

rFire   . . .      SeeInvis .   q - +0 falchion
rCold   + . .      Faith    .   (no shield)
rNeg    . . .      Spirit   .   b - +0 robe
rPois   .          Reflect  .   (helmet restricted)
rElec   .          Harm     .   (no cloak)
rCorr   .          Rampage  .   (gloves unavailable)
Will    .....                   (boots unavailable)
Stlth   ++........              (no amulet)
HPRegen 0.18/turn               g - ring of protection from cold
MPRegen 0.09/turn               (no ring)

@: no status effects
A: large, unfitting armour, tough skin 1
a: no special abilities


You were on level 3 of the Dungeon.
You visited 1 branch of the dungeon, and saw 3 of its levels.

You collected 82 gold pieces.

Inventory:

Hand Weapons
 a - a +0 short sword
 q - a +0 falchion (weapon)
Missiles
 c - 5 large rocks (quivered)
 d - 2 throwing nets
 o - 41 stones
Armour
 b - a +0 robe (worn)
Jewellery
 g - a ring of protection from cold (left hand)
 m - a ring of protection from cold
Scrolls
 f - a scroll of brand weapon {unknown}
 h - a scroll of holy word {unknown}
 i - a scroll of teleportation {unknown}
 j - a scroll of fog {unknown}
 l - a scroll of noise {unknown}
 n - a scroll of identify {unknown}
Potions
 e - 3 potions of resistance {unknown}
 k - a potion of mutation {unknown}
 p - a potion of degeneration {unknown}


   Skills:
 + Level 4.1 Fighting
 + Level 4.6 Throwing
 + Level 2.7 Dodging
 + Level 1.9 Stealth


You had 4 spell levels left.
You didn't know any spells.
Your spell library was empty.

Dungeon Overview and Level Annotations

Branches:
Dungeon (3/15)

Altars:
Sif Muna


Innate Abilities, Weirdness & Mutations

You are too large for most types of armour.
You have tough skin. (AC +1)


Message History

You barely miss the hound.
The hound is severely wounded.
The hound barely misses you. The hound bites you.
You closely miss the hound.
The hound is severely wounded.
The hound bites you. x2
You hit the hound but do no damage.
The hound is severely wounded.
The hound barely misses you. The hound bites you.
You hit the hound.
You kill the hound!
The gnoll hits you with a +0 whip.
Your Fighting skill increases to level 4!
You have reached level 5!
You hit the gnoll.
The gnoll is moderately wounded.
The gnoll barely misses you.
You closely miss the gnoll.
The gnoll is moderately wounded.
The gnoll hits you with a +0 whip.
You hit the gnoll. You punch the gnoll, but do no damage.
The gnoll is heavily wounded.
The gnoll closely misses you. The gnoll hits you with a +0 whip.
* * * LOW HITPOINT WARNING * * *
You hit the gnoll but do no damage.
The gnoll is heavily wounded.
The gnoll hits you with a +0 whip!
* * * LOW HITPOINT WARNING * * *
You hit the gnoll.
The gnoll is severely wounded.
The gnoll hits you with a +0 whip.
* * * LOW HITPOINT WARNING * * *
You closely miss the gnoll.
The gnoll is severely wounded.
The gnoll barely misses you. The gnoll hits you with a +0 whip.
* * * LOW HITPOINT WARNING * * *
You hit the gnoll.
The gnoll is almost dead.
The gnoll hits you with a +0 whip.
You die...

######## ..)....#
....##^####### #####
.##.##.##....# +...#
....##.##.#### #...
.##.##.##.# +..
.##.##.##.# ####g########
.......##.# #..P@P......#
..#.......# #.......###.#
........########...<.##.#
..#..##......# ###.#.##.#
..#..##......# #.#.##.#
..#.)........# #......#
.....##......# ###.####
#.#..##......# #.#
........###### #####.#


You could see a gnoll.

Vanquished Creatures
  2 hounds (D:3)
  An adder (D:2)
  2 worms
  2 dart slugs
  An orc (D:3)
  2 ball pythons
  3 endoplasms (D:1)
  2 giant cockroaches
  4 goblins
  4 hobgoblins
  4 kobolds
  2 quokkas (D:3)
  6 bats
  3 frilled lizards
  6 rats
44 creatures vanquished.

Notes
Turn   | Place    | Note
-------+----------+-------------------------------------------
     0 | D:1      | a3don the Ogre Hunter began the quest for the Orb.
     0 | D:1      | Reached XP level 1. HP: 22/22 MP: 1/1
   105 | D:1      | Reached XP level 2. HP: 12/29 MP: 2/2
   108 | D:1      | Reached skill level 1 in Stealth
   747 | D:1      | Found a faded altar of an unknown god.
  1199 | D:2      | Reached XP level 3. HP: 37/37 MP: 3/3
  1224 | D:2      | Found a shimmering blue altar of Sif Muna.
  2827 | D:3      | Reached XP level 4. HP: 21/46 MP: 4/4
  3176 | D:3      | Reached XP level 5. HP: 25/54 MP: 5/5
  3181 | D:3      | HP: 1/54 [gnoll (2)]
  3182 | D:3      | Slain by a gnoll

Illustrated notes

Levels and vault maps discovered:
D:1:      nzn_arrival_water_spiral, layout_rooms, ebering_ecumenical_altar_hall
D:2:      layout_loops_corners, basic_altar, kennysheep_path_1
D:3:      minmay_door_path, layout_loops_cross, cheibrodos_gnoll_hut

Skill      XL: |  1  2  3  4 |
---------------+-------------+-----
Fighting       | 3 4 |  4.1
Dodging        | 2 |  2.7
Stealth        | 1 |  1.9
Throwing       | |  4.6

Action                   |  1- 3 |  4- 6 || total
-------------------------+-------+-------++-------
Melee: Short sword       |   167 |     4 ||   171
       Falchion          |       |    31 ||    31
       Punch             |       |     1 ||     1
 Stab: Sleeping          |     2 |     2 ||     4
Armor: Robe              |    33 |     9 ||    42
Dodge: Dodged            |    89 |    26 ||   115

Table legend: (Time is in decaauts)
 A = Elapsed time spent in this place.
 B = Non-inter-level travel time spent in this place.
 C = Inter-level travel time spent in this place.
 D = Time resting spent in this place.
 E = Time spent auto-exploring this place.
 F = Levels seen in this place.
 G = Mean time per level.
                   A        B        C        D        E       F      G
               +--------+--------+--------+--------+--------+-----+--------+
         Total |   3207 |   3163 |     44 |    899 |   1847 |   3 | 1069.0 |
       Dungeon |   3207 |   3163 |     44 |    899 |   1847 |   3 | 1069.0 |
               +--------+--------+--------+--------+--------+-----+--------+

Top non-repeatable levels by time:
     D:2: 1694 daAuts
     D:1: 1013 daAuts
     D:3: 499 daAuts
